SAL
GREENVILLE DRIVE @ AUGUSTA GREENJACKETS
04/20/2099
 
TOP OF THE 1ST
Greenville Drive batting - Pitching for Augusta GreenJackets : LHP Chad Haught
Pitching: LHP Chad Haught
Batting: RHB Antonio Torres 0-0: Ball
1-0: TRIPLE (Flyball, 7LD, EV 96.3 MPH)
Batting: LHB James Borst 0-0: Ball
1-0: Foul Ball, location: 2F
1-1: SINGLE (Line Drive, 78M, EV 111.3 MPH)
Antonio Torres scores
Batting: RHB Frank Kravitz 0-0: Ball
1-0: Foul Ball, location: 2F
1-1: Grounds into double play, 4-6-3 (Groundball, 34, EV 91.9 MPH)
Batting: RHB Rich Bledsoe 0-0: Called Strike
0-1: Ball
1-1: Swinging Strike
1-2: Ball
2-2: Strikes out swinging
Top of the 1st over - 1 run, 2 hits, 0 errors, 0 left on base; Greenville 1 - Augusta 0
BOTTOM OF THE 1ST
Augusta GreenJackets batting - Pitching for Greenville Drive : RHP Ricky Herrera
Pitching: RHP Ricky Herrera
Batting: RHB Matt Bobrick 0-0: Ball
1-0: Called Strike
1-1: Ball
2-1: Ball
3-1: Fly out, F3 (Popup, 3L, EV 78.8 MPH)
Batting: RHB Michael Meinert 0-0: Ball
1-0: Swinging Strike
1-1: Foul Ball, location: 25F
1-2: Ball
2-2: Ball
3-2: Base on Balls
Batting: LHB Russ Sverdlov 0-0: Ball
1-0: Called Strike
1-1: Ball
2-1: Fly out, F7 (Flyball, 78M, EV 84.4 MPH)
Batting: SHB Matt Russ 0-0: Fly out, F8 (Flyball, 8LS, EV 90.0 MPH)
Bottom of the 1st over - 0 runs, 0 hits, 0 errors, 1 left on base; Greenville 1 - Augusta 0
TOP OF THE 2ND
Greenville Drive batting - Pitching for Augusta GreenJackets : LHP Chad Haught
Batting: RHB Chris Barley 0-0: Called Strike
0-1: Called Strike
0-2: Foul Ball, location: 5F
0-2: SOLO HOME RUN (Line Drive, 8RXD, EV 114.4 MPH), Distance : 457 ft
Batting: RHB Armani Brawner 0-0: Ball
1-0: Ball
2-0: Fly out, F7 (Line Drive, 7, EV 93.8 MPH)
Batting: RHB Justin Iraci 0-0: Called Strike
0-1: Foul Ball, location: 2F
0-2: Ball
1-2: Foul Ball, location: 2F
1-2: Strikes out swinging
Batting: LHB Chris Ward 0-0: Swinging Strike
0-1: Foul Ball, location: 2F
0-2: Foul Ball, location: 5SF
0-2: Foul Ball, location: 7LDF
0-2: Ball
1-2: Strikes out looking
Top of the 2nd over - 1 run, 1 hit, 0 errors, 0 left on base; Greenville 2 - Augusta 0
BOTTOM OF THE 2ND
Augusta GreenJackets batting - Pitching for Greenville Drive : RHP Ricky Herrera
Batting: RHB Orlando Chavez 0-0: Ball
1-0: Called Strike
1-1: Foul Ball, location: 3F
1-2: Ground out 6-3 (Groundball, 6, EV 81.3 MPH)
Batting: RHB Scott Clara 0-0: Fly out, F8 (Flyball, 8RM, EV 82.5 MPH)
Batting: RHB Kevin Sides 0-0: Called Strike
0-1: Foul Ball, location: 2F
0-2: Foul Ball, location: 2F
0-2: Ball
1-2: Foul Ball, location: 9LMF
1-2: Foul Ball, location: 23F
1-2: Strikes out looking
Bottom of the 2nd over - 0 runs, 0 hits, 0 errors, 0 left on base; Greenville 2 - Augusta 0
TOP OF THE 3RD
Greenville Drive batting - Pitching for Augusta GreenJackets : LHP Chad Haught
Batting: RHB Steve Campbell 0-0: SINGLE (Groundball, 4D, EV 98.8 MPH)
Batting: RHB Antonio Torres 0-0: Fly out, F8 (Line Drive, 8LD, EV 88.1 MPH)
Batting: LHB James Borst 0-0: Swinging Strike
0-1: Ball
1-1: DOUBLE (Line Drive, 9LS, EV 111.3 MPH)
Steve Campbell to third
Runner from 3rd tries for Home, SAFE, no throw by RF
Batting: RHB Frank Kravitz 0-0: Ball
1-0: Ball
2-0: Fly out, F3 (Popup, 3F, EV 83.8 MPH)
Batting: RHB Rich Bledsoe 0-0: Ball
1-0: SINGLE (Groundball, 5S, EV 66.3 MPH) (infield hit)
James Borst to third
Batting: RHB Chris Barley 0-0: Called Strike
0-1: Swinging Strike
0-2: Fielders Choice at 2nd, 6-4 (Groundball, 6, EV 103.8 MPH)
Top of the 3rd over - 1 run, 3 hits, 0 errors, 2 left on base; Greenville 3 - Augusta 0
BOTTOM OF THE 3RD
Augusta GreenJackets batting - Pitching for Greenville Drive : RHP Ricky Herrera
Batting: RHB Ted Voeltner 0-0: Ball
1-0: Foul Ball, location: 5SF
1-1: Ball
2-1: Ground out 5-3 (Groundball, 56, EV 105.0 MPH)
Batting: RHB Antonio Rivera 0-0: Ball
1-0: Called Strike
1-1: Ball
2-1: Foul Ball, location: 2F
2-2: Foul Ball, location: 2F
2-2: Strikes out looking
Batting: RHB Matt Bobrick 0-0: Swinging Strike
0-1: Ball
1-1: Swinging Strike
1-2: Foul Ball, location: 2F
1-2: Strikes out looking
Bottom of the 3rd over - 0 runs, 0 hits, 0 errors, 0 left on base; Greenville 3 - Augusta 0
TOP OF THE 4TH
Greenville Drive batting - Pitching for Augusta GreenJackets : LHP Chad Haught
Batting: RHB Armani Brawner 0-0: Foul Ball, location: 9LMF
0-1: SINGLE (Line Drive, 6D, EV 98.1 MPH)
Batting: RHB Justin Iraci 0-0: Ball
1-0: Ball
2-0: Foul Ball, location: 9LDF
2-1: Fly out, F8 (Line Drive, 8LD, EV 91.9 MPH)
Batting: LHB Chris Ward 0-0: Ball
1-0: Ground out 6-3 (Groundball, 56, EV 71.9 MPH)
Armani Brawner to second
Batting: RHB Steve Campbell 0-0: Called Strike
0-1: Foul Ball, location: 2F
0-2: Ball
1-2: Foul Ball, location: 3FF
1-2: Ball
2-2: Foul Ball, location: 2F
2-2: Ball
3-2: Foul Ball, location: 9LDF
3-2: Foul Ball, location: 2F
3-2: Base on Balls
Batting: RHB Antonio Torres 0-0: Ground out 4-3 (Groundball, 4, EV 92.5 MPH)
Top of the 4th over - 0 runs, 1 hit, 0 errors, 2 left on base; Greenville 3 - Augusta 0
BOTTOM OF THE 4TH
Augusta GreenJackets batting - Pitching for Greenville Drive : RHP Ricky Herrera
Batting: RHB Michael Meinert 0-0: Swinging Strike
0-1: Called Strike
0-2: Ball
1-2: Ball
2-2: Ground out U3 (Groundball, 34S, EV 88.8 MPH)
Batting: LHB Russ Sverdlov 0-0: Swinging Strike
0-1: Swinging Strike
0-2: Ball
1-2: Strikes out looking
Batting: SHB Matt Russ 0-0: Foul Ball, location: 2F
0-1: Ball
1-1: Foul Ball, location: 7LSF
1-2: Hit by Pitch
Batting: RHB Orlando Chavez 0-0: Ball
1-0: Swinging Strike
1-1: Foul Ball, location: 2F
1-2: SINGLE (Flyball, 8RS, EV 91.3 MPH)
Matt Russ to second
Runner from 2nd tries for 3rd, SAFE, no throw by CF
Batting: RHB Scott Clara 0-0: Called Strike
0-1: SINGLE (Line Drive, 78S, EV 100.6 MPH)
Matt Russ scores
Orlando Chavez to second
Batting: RHB Kevin Sides 0-0: Called Strike
0-1: Called Strike
0-2: Strikes out looking
Bottom of the 4th over - 1 run, 2 hits, 0 errors, 2 left on base; Greenville 3 - Augusta 1
TOP OF THE 5TH
Greenville Drive batting - Pitching for Augusta GreenJackets : LHP Chad Haught
Batting: LHB James Borst 0-0: Ground out 6-3 (Groundball, 6, EV 109.4 MPH)
Batting: RHB Frank Kravitz 0-0: Ball
1-0: Called Strike
1-1: Swinging Strike
1-2: Foul Ball, location: 2F
1-2: Strikes out looking
Batting: RHB Rich Bledsoe 0-0: Hit by Pitch
Batting: RHB Chris Barley 0-0: Ball
Rich Bledsoe steals 2nd base
1-0: Swinging Strike
1-1: Ball
2-1: Ball
3-1: Base on Balls
Batting: RHB Armani Brawner 0-0: Fielders Choice at 2nd, 6-4 (Groundball, 6, EV 107.5 MPH)
Top of the 5th over - 0 runs, 0 hits, 0 errors, 2 left on base; Greenville 3 - Augusta 1
BOTTOM OF THE 5TH
Augusta GreenJackets batting - Pitching for Greenville Drive : RHP Ricky Herrera
Batting: RHB Ted Voeltner 0-0: Ball
1-0: Fly out, F5 (Popup, 56, EV 61.9 MPH)
Batting: RHB Antonio Rivera 0-0: Called Strike
0-1: Ball
1-1: Ball
2-1: Ball
3-1: SINGLE (Line Drive, 8RS, EV 103.8 MPH)
Batting: RHB Matt Bobrick 0-0: Called Strike
0-1: Ball
1-1: Ball
2-1: Fly out, F3 (Popup, 3S, EV 80.6 MPH)
Batting: RHB Michael Meinert 0-0: Foul Ball, location: 2RF
0-1: Fielders Choice at 2nd, 5-4 (Groundball, 56, EV 82.5 MPH)
Bottom of the 5th over - 0 runs, 1 hit, 0 errors, 1 left on base; Greenville 3 - Augusta 1
TOP OF THE 6TH
Greenville Drive batting - Pitching for Augusta GreenJackets : LHP Chad Haught
Batting: RHB Justin Iraci 0-0: Foul Ball, location: 7LSF
0-1: Ball
1-1: Fly out, F4 (Line Drive, 4, EV 61.3 MPH)
Batting: LHB Chris Ward 0-0: Ball
1-0: Called Strike
1-1: Ball
2-1: Called Strike
2-2: Foul Ball, location: 7LSF
2-2: Foul Ball, location: 7LDF
2-2: Ball
3-2: Foul Ball, location: 23F
3-2: Base on Balls
Pitching: RHP Alexis Herrera
Batting: RHB Steve Campbell 0-0: Called Strike
Chris Ward steals 2nd base
0-1: Swinging Strike
0-2: Ball
1-2: Ball
2-2: Strikes out looking
Batting: RHB Antonio Torres 0-0: Foul Ball, location: 9LSF
0-1: Called Strike
0-2: Ball
1-2: Ball
2-2: Fly out, F9 (Line Drive, 89M, EV 94.4 MPH)
Top of the 6th over - 0 runs, 0 hits, 0 errors, 1 left on base; Greenville 3 - Augusta 1
BOTTOM OF THE 6TH
Augusta GreenJackets batting - Pitching for Greenville Drive : RHP Ricky Herrera
Batting: LHB Russ Sverdlov 0-0: Fly out, F8 (Line Drive, 89D, EV 94.4 MPH)
Batting: SHB Matt Russ 0-0: Called Strike
0-1: Swinging Strike
0-2: Ball
1-2: Ball
2-2: Foul Ball, location: 5F
2-2: Fly out, F6 (Popup, 6, EV 51.9 MPH)
Batting: RHB Orlando Chavez 0-0: Ground out 4-3 (Groundball, 4S, EV 85.0 MPH)
Bottom of the 6th over - 0 runs, 0 hits, 0 errors, 0 left on base; Greenville 3 - Augusta 1
TOP OF THE 7TH
Greenville Drive batting - Pitching for Augusta GreenJackets : RHP Alexis Herrera
Batting: LHB James Borst 0-0: Ball
1-0: Foul Ball, location: 3DF
1-1: Ball
2-1: Called Strike
2-2: DOUBLE (Line Drive, 8LXD, EV 109.4 MPH)
Batting: RHB Frank Kravitz 0-0: Intentional Walk
Batting: RHB Rich Bledsoe 0-0: Ball
1-0: Foul Ball, location: 25F
1-1: Swinging Strike
1-2: Ball
2-2: Strikes out looking
Batting: RHB Chris Barley 0-0: Swinging Strike
0-1: Foul Ball, location: 5SF
0-2: Ball
1-2: Strikes out looking
Batting: RHB Armani Brawner 0-0: Called Strike
0-1: Ball
1-1: Ball
2-1: Fly out, F7 (Flyball, 7LS, EV 98.1 MPH)
Top of the 7th over - 0 runs, 1 hit, 0 errors, 2 left on base; Greenville 3 - Augusta 1
BOTTOM OF THE 7TH
Augusta GreenJackets batting - Pitching for Greenville Drive : RHP Ricky Herrera
Now at 2B: Chris Barley
Now at 3B: Mark Bourassa
Now at SS: Tim Dean
Batting: RHB Scott Clara 0-0: Called Strike
0-1: DOUBLE (Line Drive, 78D, EV 109.4 MPH)
Pitching: LHP Joe Redman
Batting: RHB Kevin Sides 0-0: Ball
1-0: Ball
2-0: Ball
3-0: Called Strike
3-1: Called Strike
3-2: Fly out, F9 (Flyball, 89M, EV 98.1 MPH)
Pinch Hitting: RHB Andres Garcia 0-0: Ball
1-0: Called Strike
1-1: Called Strike
1-2: Foul Ball, location: 25F
1-2: Ball
2-2: Ground out 6-3 (Groundball, 6MD, EV 95.0 MPH)
Pinch Hitting: RHB Kevin Wallner 0-0: Called Strike
0-1: Foul Ball, location: 2F
0-2: Strikes out looking
Bottom of the 7th over - 0 runs, 1 hit, 0 errors, 1 left on base; Greenville 3 - Augusta 1
TOP OF THE 8TH
Greenville Drive batting - Pitching for Augusta GreenJackets : RHP Alexis Herrera
Now at SS: Andres Garcia
Now in RF: Steve Inniss
Pinch Hitting: RHB Josh Storlie 0-0: Ball
1-0: Ball
2-0: Ball
3-0: Called Strike
3-1: Base on Balls
Batting: LHB Chris Ward 0-0: Fielders Choice at 2nd, 3-6 (Groundball, 34, EV 105.6 MPH)
Batting: RHB Steve Campbell 0-0: Ball
Chris Ward steals 2nd base
1-0: Called Strike
Chris Ward steals 3rd base
1-1: Swinging Strike
1-2: Ball
2-2: Fly out, F7 (Flyball, 7LS, EV 78.1 MPH)
Runner from 3rd tags up, OUT at HOME! 7-2
Top of the 8th over - 0 runs, 0 hits, 0 errors, 0 left on base; Greenville 3 - Augusta 1
BOTTOM OF THE 8TH
Augusta GreenJackets batting - Pitching for Greenville Drive : LHP Joe Redman
Pitching: RHP Rafael Zapata
Now in CF: Chris Ward
Now in RF: Josh Storlie
Batting: RHB Matt Bobrick 0-0: Fly out, F8 (Flyball, 8RD, EV 103.8 MPH)
Batting: RHB Michael Meinert 0-0: Foul Ball, location: 5SF
0-1: Foul Ball, location: 2F
0-2: Ball
1-2: DOUBLE (Line Drive, 89D, EV 100.6 MPH)
Batting: LHB Russ Sverdlov 0-0: Ground out 6-3 (Groundball, 6, EV 86.9 MPH)
Batting: SHB Matt Russ 0-0: Ball
1-0: Called Strike
1-1: Swinging Strike
1-2: Foul Ball, location: 2F
1-2: Strikes out swinging
Bottom of the 8th over - 0 runs, 1 hit, 0 errors, 1 left on base; Greenville 3 - Augusta 1
TOP OF THE 9TH
Greenville Drive batting - Pitching for Augusta GreenJackets : RHP Alexis Herrera
Batting: LHB Jessie Bazemore 0-0: Called Strike
0-1: Swinging Strike
0-2: Strikes out swinging
Batting: RHB Tim Dean 0-0: Foul Ball, location: 2F
0-1: Called Strike
0-2: Strikes out swinging, 2-3 out at first.
Batting: RHB Mark Bourassa 0-0: Ground out U3 (Groundball, 34S, EV 85.6 MPH)
Top of the 9th over - 0 runs, 0 hits, 0 errors, 0 left on base; Greenville 3 - Augusta 1
BOTTOM OF THE 9TH
Augusta GreenJackets batting - Pitching for Greenville Drive : RHP Rafael Zapata
Now in CF: Je-won Nah
Now in RF: Chris Ward
Batting: RHB Orlando Chavez 0-0: Called Strike
0-1: Swinging Strike
0-2: Fly out, F4 (Popup, 4MS, EV 66.3 MPH)
Batting: RHB Scott Clara 0-0: Called Strike
0-1: Ball
1-1: Foul Ball, location: 2F
1-2: Strikes out looking
Batting: RHB Kevin Sides 0-0: Ball
1-0: Called Strike
1-1: Ball
2-1: Foul Ball, location: 23FF
2-2: Foul Ball, location: 2F
2-2: Ball
3-2: Strikes out swinging
Bottom of the 9th over - 0 runs, 0 hits, 0 errors, 0 left on base; Greenville 3 - Augusta 1
Saturday, May 4th , 2024 - OOTP Baseball 24.11 Build 85